Map: Year Zero LE

Players

Neeb - Winner!

  • Race: Protoss Protoss
  • Spawn Location: 11:00

Bly

  • Race: Zerg Zerg
  • Spawn Location: 1:00

Event: 2019 WCS Spring

VOD

Have the link to the VOD?

Description

Time

  • Played on: May 17, 2019, 1:36 p.m.
  • Length: 11:05

All games in this series

Show
View Real Time Build Order
Export as new Build Order

Neeb Protoss - Winner!

Build Orders: Phoenix Opening 

Get SALT Encoding   

  12  0:00  Probe  
  13  0:12  Probe  
  14  0:19  Pylon  
  14  0:24  Probe  
  15  0:33  Probe  
  15  0:40  Gateway  
  15  0:42  Probe  
  16  0:49  Assimilator  
  17  0:51  Probe  
  18  1:04  Probe  
  19  1:16  Probe  
  20  1:19  Zealot  
  20  1:30  Cybernetics Core  
  20  1:31  Probe  
  23  1:35  Pylon  
  24  2:00  Adept  
  23  2:04  Nexus  
  23  2:13  Probe  
  26  2:18  Assimilator  
  26  2:25  Probe  
  26  2:29  Adept  
  27  2:32  Warp Gate  
  29  2:38  Pylon  
  29  2:41  Probe  
  30  2:53  Probe  
  31  2:59  Adept  
  33  3:06  Probe  
  33  3:08  Stargate  
  34  3:13  Probe  
  34  3:14  Probe  
  36  3:21  Probe  
  36  3:22  Probe  
  38  3:31  Twilight Council, Probe  
  38  3:32  Probe  
  40  3:43  Probe, Gateway  
  40  3:46  Probe  
  42  3:54  Phoenix  
  42  3:55  Probe  
  45  3:59  Resonating Glaives  
  45  4:00  Probe  
  44  4:07  Probe  
  44  4:08  Assimilator  
  45  4:11  Assimilator  
  45  4:12  Probe  
  45  4:14  Gateway  
  46  4:18  Pylon  
  46  4:19  Probe  
  47  4:24  Probe  
  47  4:30  Pylon  
  48  4:31  Probe  
  48  4:32  Oracle  
  48  4:36  Probe  
  53  4:38  Adept  
  53  4:42  Adept  
  57  4:47  Probe  
  57  4:48  Pylon  
  57  4:49  Probe  
  59  4:59  Adept  
  61  5:03  Adept  
  63  5:07  Adept  
  63  5:09  Probe x2  
  67  5:21  Probe x2, Adept  
  69  5:23  Adept  
  73  5:30  Pylon  
  73  5:33  Probe  
  74  5:36  Probe, Robotics Facility  
  74  5:37  Robotics Facility  
  74  5:45  Probe  
  74  5:49  Probe  
  70  5:57  Probe  
  70  5:59  Adept x2  
  70  6:00  Nexus  
  70  6:02  Pylon  
  70  6:03  Charge, Probe  
  72  6:10  Probe  
  73  6:14  Immortal, Forge  
  73  6:15  Immortal  
  74  6:23  Probe  
  69  6:29  Probe  
  75  6:33  Sentry x2  
  75  6:35  Sentry  
  75  6:36  Probe  
  82  6:40  Pylon  
  82  6:42  Probe  
  83  6:55  Pylon  
  83  6:59  Sentry x2  
  83  7:00  Stalker  
  89  7:01  Immortal  
  89  7:04  Protoss Ground Weapons Level 1  
  93  7:11  Immortal  
  97  7:19  Shield Battery  
  97  7:21  Shield Battery  
  97  7:27  Stalker  
  97  7:28  Stalker, Pylon  
  101  7:31  Immortal  
  101  7:37  Stalker  
  107  7:45  Pylon  
  107  7:46  Probe  
  101  7:54  Zealot x2  
  102  8:00  Immortal  
  102  8:03  Zealot  
  102  8:04  Immortal  
  81  8:13  Probe x2  
  81  8:15  Sentry x2  
  81  8:16  Probe  
  86  8:25  Probe x2  
  88  8:28  Probe  
  88  8:29  Zealot  
  88  8:35  Templar Archives  
  88  8:37  Probe  
  88  8:38  Probe  
  88  8:40  Immortal  
  94  8:50  Probe  
  94  8:51  Adept  
  94  8:52  Adept x2  
  101  8:56  Probe x2  
  101  9:02  Probe  
  104  9:08  Probe  
  105  9:12  Assimilator  
  105  9:13  Gateway  
  105  9:14  Assimilator  
  105  9:16  Gateway  
  105  9:21  Stalker x3  
  110  9:27  Probe x2  
  112  9:32  Probe  
  113  9:39  Probe  
  114  9:48  Pylon  
  114  9:49  Adept  
  114  9:50  Adept x2  
  120  10:00  Stargate, Probe  
  120  10:02  Photon Cannon  
  120  10:03  Photon Cannon  
  123  10:07  Stargate  
  123  10:10  Shield Battery  
  121  10:16  Observer  
  121  10:17  Zealot x3  
  121  10:20  Stalker x2  
  126  10:33  Probe  
  126  10:34  Probe  
  126  10:35  Probe  
  129  10:45  Probe  
  129  10:49  Stalker x3  
Show
View Real Time Build Order
Export as new Build Order

Bly Zerg 

Build Orders: 3 Hatch before Pool 

Get SALT Encoding   

  12  0:01  Drone  
  13  0:13  Overlord  
  13  0:19  Drone  
  14  0:31  Drone x2  
  16  0:51  Hatchery  
  16  0:55  Drone  
  16  1:20  Hatchery, Drone  
  16  1:24  Drone  
  17  1:28  Drone  
  18  1:35  Extractor  
  17  1:44  Spawning Pool  
  16  1:48  Drone  
  16  1:49  Drone  
  16  1:52  Evolution Chamber  
  16  1:53  Drone  
  19  2:07  Drone x2  
  22  2:14  Hatchery  
  21  2:23  Drone x2  
  23  2:33  Queen x2  
  28  2:37  Zergling x2  
  28  2:42  Metabolic Boost  
  28  2:49  Overlord  
  28  3:08  Zergling x2  
  28  3:09  Zergling x4  
  29  3:15  Spore Crawler  
  28  3:20  Drone x4  
  32  3:27  Drone  
  33  3:40  Queen  
  35  3:41  Drone x2  
  35  3:44  Queen  
  35  3:45  Drone x2  
  35  3:46  Overlord  
  39  3:56  Evolution Chamber  
  38  4:05  Drone x8  
  46  4:12  Drone x2  
  48  4:21  Drone  
  49  4:26  Overlord x2  
  49  4:35  Spore Crawler  
  49  4:37  Drone  
  49  4:38  Spore Crawler  
  49  4:39  Spore Crawler, Overlord  
  49  4:44  Queen  
  49  4:48  Drone x6  
  55  4:59  Lair  
  55  5:00  Drone  
  55  5:01  Drone x3  
  59  5:07  Overlord  
  59  5:09  Extractor  
  59  5:10  Extractor  
  59  5:11  Roach Warren, Drone  
  57  5:16  Overlord  
  57  5:20  Zergling x8  
  61  5:26  Zergling x10  
  63  5:37  Zergling x14  
  63  5:52  Drone  
  63  5:53  Drone x6  
  60  6:00  Drone x7  
  61  6:14  Nydus Network  
  58  6:20  Overseer  
  52  6:27  Queen x2  
  55  6:39  Overlord  
  55  6:50  Roach x7  
  69  6:56  Nydus Canal  
  68  7:06  Zergling x18  
  77  7:08  Nydus Canal  
  77  7:23  Nydus Canal  
  77  7:33  Overlord x2  
  77  7:35  Zergling x10  
  77  7:36  Overlord  
  81  7:44  Nydus Canal  
  81  7:50  Ravager x3  
  61  8:06  Roach, Zergling x24  
  69  8:17  Zergling x6  
  65  8:21  Zergling x2  
  65  8:22  Zergling x2  
  65  8:27  Roach  
  62  8:37  Zergling x6  
  62  8:41  Nydus Canal  
  62  8:46  Roach x3  
  62  9:02  Nydus Canal  
  59  9:05  Drone x6  
  61  9:12  Drone x2  
  57  9:25  Drone  
  57  9:26  Drone x2  
  57  9:27  Drone  
  57  9:28  Extractor  
  57  9:30  Extractor  
  57  9:32  Extractor  
  57  9:35  Spire  
  55  9:38  Drone  
  55  9:39  Drone x2  
  57  9:48  Drone x3  
  57  9:49  Queen  
  57  9:50  Queen x2  
  65  10:06  Hatchery  
  64  10:14  Nydus Canal  
  47  10:59  Nydus Canal  
Tags
 
Add a new tag
Caveats
  • Supply blocks, unpowered buildings, or Contaminate may cause inaccurate times.
  • Supply counts are checked every 10 seconds.